cohdb
Replays
Latest Replays
All Replays
Popular Replays
Top Player Replays
Match Explorer
How It Works
Community
CoH3 Stats
Reddit
Sign in to upload your games and track your stats! →
Sign in with Steam
Match 37557048
Unlisted
Match 37557048
Overview
Messages
Build Orders
End
Royal Engineer Section
Construct Section Command Post
Selects Heavy Armor Battlegroup
Dingo Light Scout Car
Infantry Section
Infantry Section
Vickers Machine Gun Team
Construct Field Infirmary
ML 3-inch Mortar Team
Construct Platoon Command Post
Selects Engineer Detachments
Selects Light Vehicle Withdraw and Refit
6-pounder Anti-tank Gun Team
Royal Engineer Section
Construct Company Command Post
Selects Radio Net
Infantry Section
Matilda II Heavy Tank
Foot Guards Section
Selects Designate Targets
Foot Guards Section
Wrathment
Samuel Bronkowitz
0
0
Comments
sign in to comment!
No comments posted yet!